 Dungeon Crawl Stone Soup version 0.22-a0-605-g9281fa2 (webtiles) character file.

10397 royokou the Severer (level 11, -22/151 HPs)
             Began as a Minotaur Berserker on July 9, 2018.
             Was a High Priest of Trog.
             Annihilated by a white ugly thing (32 damage)
             ... on level 10 of the Dungeon.
             The game lasted 00:30:42 (10963 turns).

royokou the Severer (Minotaur Berserker)           Turns: 10963, Time: 00:30:42

Health: -22/151    AC: 14    Str: 30    XL:     11   Next: 35%
Magic:  28/28      EV:  7    Int:  6    God:    Trog [*****.]
Gold:   607        SH: 13    Dex: 14    Spells: 10/10 levels left

rFire    . . .     SeeInvis .   P - +0 war axe
rCold    . . .     Gourm    .   A - +0 large shield
rNeg     + + .     Faith    +   Q - +2 plate armour of the Evening {MP+9 Stlth+}
rPois    +         Spirit   .   (helmet restricted)
rElec    .         Reflect  .   (no cloak)
rCorr    .         Harm     .   R - +0 pair of gloves
MR       .....                  (no boots)
Stlth    ..........             t - amulet of faith
HPRegen  0.35/turn              B - ring of poison resistance
MPRegen  0.21/turn              m - ring "Domokhui" {*Contam rN++ MP+9 Str+3 Dex+3}

@: berserking, very quick
A: retaliatory headbutt, horns 2
a: Berserk, Trog's Hand, Brothers in Arms, Renounce Religion


You were on level 10 of the Dungeon.
You worshipped Trog.
Trog was extremely pleased with you.
You were very hungry.

You visited 1 branch of the dungeon, and saw 11 of its levels.
You also visited: Labyrinth and Sewer.

You collected 607 gold pieces.

Inventory:

Hand Weapons
 a - a +1 hand axe
 s - a cursed -2 mace
 u - a +1 flail of crushing
 E - a +3 antimagic glaive
 P - a +0 war axe (weapon)
Missiles
 S - 4 javelins of penetration (quivered)
Armour
 A - a +0 large shield (worn)
 D - a +1 plate armour
 Q - the +2 plate armour of the Evening (worn) {MP+9 Stlth+}
   (You found it in a labyrinth)

   It affects your magic capacity (+9).
   It makes you more stealthy.
 R - a +0 pair of gloves (worn)
Jewellery
 b - an uncursed amulet of magic regeneration
 k - an uncursed ring of positive energy
 m - the ring "Domokhui" (right hand) {*Contam rN++ MP+9 Str+3 Dex+3}
   (You found it on level 4 of the Dungeon)

   [ring of magical power]

   It affects your strength (+3).
   It affects your dexterity (+3).
   It greatly protects you from negative energy.
   It affects your magic capacity (+9).
   It causes magical contamination when unequipped.
 t - an amulet of faith (around neck)
 B - a ring of poison resistance (left hand)
 K - an uncursed amulet of regeneration {unknown}
 N - an uncursed ring of wizardry {unknown}
 T - a +2 amulet of reflection {unknown}
Wands
 q - a wand of paralysis (28)
 r - a wand of iceblast (11)
 w - a wand of disintegration (23)
 x - a wand of polymorph (14)
 H - a wand of random effects (40)
 I - a wand of flame (72)
 L - a wand of digging (11)
 M - a wand of enslavement (16)
Scrolls
 g - 5 scrolls of remove curse
 j - 6 scrolls of teleportation
 l - 2 scrolls of amnesia
 y - a scroll of enchant weapon
 C - a scroll of fog
 G - 2 scrolls of identify
 O - a scroll of silence {unknown}
Potions
 d - 4 potions of mutation
 e - a potion of berserk rage {unknown}
 f - 3 potions of degeneration
 h - 4 potions of flight
 i - 4 potions of haste {unknown}
 n - 7 potions of heal wounds
 o - 6 potions of curing
 p - 3 potions of agility
 v - a potion of cancellation {unknown}
 z - a potion of brilliance {unknown}
 F - a potion of lignification {unknown}
 J - 2 potions of ambrosia {unknown}
Comestibles
 c - 26 rations


   Skills:
 + Level 10.6 Fighting
 + Level 15.6 Axes
 - Level 2.4 Armour
 + Level 9.4 Dodging


You had 10 spell levels left.
You didn't know any spells.
Your spell library was empty.

Dungeon Overview and Level Annotations

Branches:
Dungeon (11/15)            Temple (0/1) D:4
   Lair: D:8-11         Orc: D:9-12

Altars:
Dithmenos
Trog
Uskayaw

Shops:
D:10 [

Annotations:
D:6 3 runed doors, Lianjan's ghost, novice OpWn


Innate Abilities, Weirdness & Mutations

You reflexively headbutt those who attack you in melee.
You have a pair of horns on your head.


Message History

You slice the white ugly thing!!
Your headbutt misses the white ugly thing.
The white ugly thing is heavily wounded.
You slash the shadow! You block the shadow's attack.
The white ugly thing barely misses you. You furiously retaliate!
You headbutt the white ugly thing. You slash the white ugly thing!
The white ugly thing is severely wounded.
You closely miss the shadow. You closely miss the white ugly thing.
Your headbutt misses the white ugly thing.
The white ugly thing is severely wounded.
You slash the shadow!
You feel the power of Trog in you as your rage grows.
You destroy the shadow!
Trog accepts your kill. The white ugly thing trunk-slaps you.
* * * LOW HITPOINT WARNING * * *
The white ugly thing freezes you!!
You die...

#.# #...# #.# #...# #.#
#...# #.# #...# #.# #...#
#.# #...#
#.################...####
#........%.....[.........
#......†@u.....<[........
#..###############.......
#..# #....... #..#
#....... #..# #.......
#..# #....... #..#
#.......
#..###############.......
#........................


You could see a white ugly thing.

Vanquished Creatures
  A minotaur (Lab)
  Erica (D:9)
  A two-headed ogre (D:10)
  2 trolls
  2 hornets (D:10)
  A hippogriff (D:7)
  4 slime creatures (D:10)
  A shadow (D:10)
  A wraith (D:11)
  A yak (D:10)
  A basilisk (D:10)
  A steam dragon (D:10)
  A porcupine (D:11)
  3 ice beasts
  4 black bears
  3 sky beasts
  4 orc warriors
  5 phantoms
  An eye of draining (D:11)
  A necrophage (D:7)
  5 centaurs
  An ogre (D:4)
  2 big kobolds
  5 bullfrogs
  3 scorpions
  3 killer bees (D:7)
  A howler monkey (D:5)
  5 crimson imps
  7 hounds
  3 centaur zombies
  2 quasits
  7 orc priests
  2 jellies
  A centaur skeleton (D:4)
  A bullfrog skeleton (D:11)
  Natasha (twice) (D:3)
  3 iguanas
  7 orc wizards
  4 worker ants
  14 gnolls
  4 river rats (Sewer)
  18 adders
  A shadow imp (D:9)
  2 oozes
  An adder zombie (D:9)
  An adder skeleton (D:5)
  2 worms
  2 dart slugs
  4 leopard geckos
  32 orcs
  11 bats
  9 giant cockroaches
  7 goblins
  16 hobgoblins
  4 jackals (D:2)
  6 quokkas
  9 ball pythons
  9 frilled lizards
  23 kobolds
  A leopard gecko zombie (D:6)
  A quokka skeleton (D:7)
  26 rats
306 creatures vanquished.

Vanquished Creatures (collateral kills)
  An orc warrior (D:8)
  An orc wizard (D:8)
2 creatures vanquished.

Vanquished Creatures (others)
  A fungus (D:11)
  17 plants (D:11)
18 creatures vanquished.

Grand Total: 326 creatures vanquished

Notes
Turn   | Place    | Note
-------+----------+-------------------------------------------
     0 | D:1      | royokou the Minotaur Berserker began the quest for the Orb.
     0 | D:1      | Reached XP level 1. HP: 19/19 MP: 0/0
    12 | D:1      | Noticed a merfolk zombie
    20 | D:1      | Noticed a merfolk zombie
    44 | D:1      | Reached skill level 4 in Axes
    51 | D:1      | Reached XP level 2. HP: 23/26 MP: 1/1
   320 | D:1      | Reached skill level 5 in Axes
   350 | D:1      | Reached ** piety under Trog
   369 | D:1      | Reached XP level 3. HP: 19/31 MP: 2/2
   794 | D:2      | Reached XP level 4. HP: 26/39 MP: 3/3
   976 | D:2      | Reached skill level 6 in Axes
   997 | D:2      | Found a bloodstained altar of Trog.
  1896 | D:3      | Reached XP level 5. HP: 45/45 MP: 4/4
  1952 | D:3      | Reached skill level 7 in Axes
  1961 | D:3      | Reached *** piety under Trog
  1964 | D:3      | Noticed a phantom
  1982 | D:3      | Killed a phantom
  2072 | D:3      | Reached skill level 8 in Axes
  2222 | D:3      | Noticed Natasha
  2230 | D:3      | Killed Natasha
  2230 | D:3      | Reached XP level 6. HP: 43/51 MP: 5/5
  2565 | D:3      | Noticed Natasha
  2572 | D:3      | Killed Natasha
  2868 | D:4      | Reached skill level 9 in Axes
  3060 | D:4      | Found a staircase to the Ecumenical Temple.
  3667 | D:4      | Reached XP level 7. HP: 54/57 MP: 6/6
  3791 | D:4      | Got a warped silver ring
  3812 | D:5      | Entered Level 5 of the Dungeon
  3968 | D:5      | Found a shadowy altar of Dithmenos.
  3982 | D:5      | Reached skill level 10 in Axes
  4174 | D:5      | Reached **** piety under Trog
  4309 | D:5      | Identified the ring "Domokhui" {*Contam rN++ MP+9 Str+3 Dex+3} (You found it on level 4 of the Dungeon)
  4394 | D:5      | Received a gift from Trog
  4394 | D:5      | Reached skill level 11 in Axes
  4514 | D:5      | Paralysed by an orc priest for 2 turns
  4687 | D:6      | Reached XP level 8. HP: 62/64 MP: 7/7
  4729 | D:6      | Found a glowing drain.
  4777 | Sewer    | Entered a sewer
  4897 | Sewer    | Reached skill level 12 in Axes
  5104 | Sewer    | Reached ***** piety under Trog
  5132 | Sewer    | Received a gift from Trog
  5956 | D:6      | Reached skill level 13 in Axes
  6177 | D:6      | Found a runed gate.
  6177 | D:6      | Found a runed gate.
  6177 | D:6      | Found a runed gate.
  6178 | D:6      | Noticed Lianjan's ghost (novice OpWn)
  6302 | D:7      | Noticed a hippogriff
  6308 | D:7      | Killed a hippogriff
  6310 | D:7      | Reached XP level 9. HP: 70/70 MP: 8/8
  6340 | D:7      | Reached skill level 14 in Axes
  6363 | D:7      | Received a gift from Trog
  6806 | D:7      | Noticed a hand axe
  6808 | D:7      | Found a hide-covered altar of Uskayaw.
  6808 | D:7      | Noticed a dagger
  7564 | D:8      | Reached skill level 15 in Axes
  8606 | D:9      | Reached skill level 5 in Fighting
  9088 | D:10     | Entered Level 10 of the Dungeon
  9088 | D:10     | Noticed Erica
  9098 | D:9      | Killed Erica
  9098 | D:9      | Reached skill level 5 in Dodging
  9098 | D:9      | Reached XP level 10. HP: 84/84 MP: 9/9
  9581 | D:10     | Found Umpoesyk's Armour Shoppe.
  9810 | D:10     | Noticed a two-headed ogre
  9818 | D:10     | Killed a two-headed ogre
 10116 | D:11     | Found a labyrinth entrance.
 10146 | D:11     | Reached XP level 11. HP: 99/99 MP: 10/10
 10193 | Lab      | Entered a labyrinth
 10515 | Lab      | Noticed a minotaur
 10529 | Lab      | Killed a minotaur
 10529 | Lab      | Reached skill level 10 in Fighting
 10720 | Lab      | Got a crude plate armour
 10731 | Lab      | Identified the +2 plate armour of the Evening {MP+9 Stlth+} (You found it in a labyrinth)
 10790 | D:11     | Received a gift from Trog
 10945 | D:11     | Noticed a white ugly thing
 10963 | D:10     | Annihilated by a white ugly thing

Vault maps used:
D:1:      shiori_arrival_whats_in_store_for_you
D:2:      first_ration, trog_butcher_becter, uniq_crazy_yiuf_cottage
D:3:      uniq_natasha
D:4:      minmay_temple_entry_large_hall
D:5:      grunt_dithmenos_shadows
D:6:      gup_sewer_entry_glass, gammafunk_ghost_necromancy
D:7:      wad_crossroads, dancing_weapons_uskayaw
D:8:      cheibrodos_iron_armory, blue_anna_alchemist
D:10:     serial_shops, shop_fountains, uniq_erica
D:11:     minmay_lair_entry_grove, orc_0_dummy, lab_entry_generic, uniq_psyche,
          uniq_harold
Lab:      labyrinth_mini_lab, nicolae_lab_t_cross, nicolae_lab_do_over,
          nicolae_lab_arrow, labyrinth_skeletal_remains, nicolae_lab_garden
Sewer:    sewer_minmay_treatment

Skill      XL: |  1  2  3  4  5  6  7  8  9 10 11 |
---------------+----------------------------------+-----
Axes           | 4 5 6 8 9 11 13 15 | 15.6
Fighting       | 6 9 10 | 10.6
Dodging        | 5 8 9 |  9.4
Armour         | |  2.4

Action                   |  1- 3 |  4- 6 |  7- 9 | 10-12 || total
-------------------------+-------+-------+-------+-------++-------
Melee: Hand axe          |    74 |   143 |   473 |   115 ||   805
       Headbutt          |     9 |    22 |    98 |    57 ||   186
       War axe           |       |       |       |    66 ||    66
Invok: Berserk           |       |     4 |    11 |     6 ||    21
       Trog's Hand       |       |     1 |       |       ||     1
       Brothers in Arms  |       |       |     1 |       ||     1
  Use: Scroll            |       |     8 |    11 |       ||    19
       Potion            |       |       |     2 |       ||     2
 Stab: Sleeping          |     1 |     4 |       |       ||     5
  Eat: Chunk             |       |    12 |    28 |     5 ||    45
       Ration            |       |       |       |     2 ||     2
Armor: Animal skin       |    11 |     2 |       |       ||    13
       Ring mail         |       |    19 |       |       ||    19
       Chain mail        |       |    17 |    59 |       ||    76
       Plate armour      |       |       |   124 |    74 ||   198
Dodge: Dodged            |    54 |    57 |    72 |    39 ||   222
Block: Large shield      |       |       |   159 |   105 ||   264

Table legend:
 A = Spawn XP
 B = Non-spawn XP
 C = Spawn XP percentage of total XP
 D = Spawn monster count
 E = Non-spawn monster count
 F = Spawn count percentage of total count
 G = Total turns spent on level
                    A         B        C        D         E        F      G
               +---------+---------+-------+---------+---------+-------+---------
         Total |       0 |   14853 |   0.0 |       0 |     308 |   0.0 | 10963
               +---------+---------+-------+---------+---------+-------+---------
           D:1 |       0 |      44 |   0.0 |       0 |      25 |   0.0 |   646
           D:2 |       0 |     133 |   0.0 |       0 |      32 |   0.0 |  1152
           D:3 |       0 |     272 |   0.0 |       0 |      28 |   0.0 |   894
           D:4 |       0 |     293 |   0.0 |       0 |      15 |   0.0 |  1120
           D:5 |       0 |     664 |   0.0 |       0 |      23 |   0.0 |   870
           D:6 |       0 |     849 |   0.0 |       0 |      27 |   0.0 |   599
           D:7 |       0 |    1215 |   0.0 |       0 |      19 |   0.0 |  1191
           D:8 |       0 |     571 |   0.0 |       0 |      12 |   0.0 |   975
           D:9 |       0 |    2262 |   0.0 |       0 |      32 |   0.0 |   899
          D:10 |       0 |    5113 |   0.0 |       0 |      26 |   0.0 |   909
          D:11 |       0 |    2082 |   0.0 |       0 |      20 |   0.0 |   229
           Lab |       0 |    1223 |   0.0 |       0 |       1 |   0.0 |   545
         Sewer |       0 |     132 |   0.0 |       0 |      48 |   0.0 |   934
               +---------+---------+-------+---------+---------+-------+---------
